 Dungeon Crawl Stone Soup version 0.31-a0-152-g6aa68a64a1 (webtiles) character file.

Game seed: 8010620816865939595

15026 qw the Cleaver (level 12, -1/73 HPs)
             Began as a Gargoyle Fighter on June 10, 2023.
             Was an Initiate of Okawaru.
             Headbutted by a minotaur (2 damage)
             ... in a Gauntlet.
             The game lasted 00:06:17 (11379 turns).

qw the Cleaver (Gargoyle Fighter)                  Turns: 11379, Time: 00:06:17

Health: -1/73      AC: 33    Str: 24    XL:     12   Next: 22%
Magic:  12/12      EV: 12    Int: 10    God:    Okawaru [......]
Gold:   477        SH: 17    Dex:  9    Spells: 11/11 levels left

rFire   + + +        Y - +2 war axe (freeze)
rCold   + + .        s - +2 shield of Resistance {rF++ rC++ Will++}
rNeg    + . .        t - +0 plate armour
rPois   inf          n - +2 hat
rElec   +            z - +1 cloak {rPois}
rCorr   .            q - +2 pair of gloves
SInv    .            u - +2 pair of boots
Will    ++...        p - amulet of reflection Stlth
                     g - ring of protection from fire
HPRegen 0.32/turn    r - +5 ring of evasion
MPRegen 0.13/turn

%: no teleportation, reflection
@: no status effects
A: sickness immunity, AC +8, negative energy resistance 1, electricity
resistance, torment resistance 1, petrification resistance
a: Renounce Religion


You were in a Gauntlet.
You worshipped Okawaru.
Okawaru was noncommittal.
You visited 3 branches of the dungeon, and saw 12 of its levels.
You also visited: Sewer, Ossuary and Gauntlet.

You collected 522 gold pieces.
You spent 45 gold pieces at shops.


Innate Abilities, Weirdness & Mutations

You are immune to sickness and miasma.
Your stone body is resilient. (AC +8)
You are immune to poison.
You resist negative energy. (rN+)
You are resistant to electric shocks. (rElec)
You are resistant to unholy torment.
You are immune to petrification.


   Skills:
 - Level 8.0 Fighting
 - Level 11.0 Axes
 - Level 9.7 Throwing
 + Level 7.5 Armour
 - Level 2.7 Dodging
 - Level 9.1 Shields


You had 11 spell levels left.
You didn't know any spells.
Your spell library was empty.

Inventory:

Hand Weapons
 h - a +4 flail
 Y - a +2 war axe of freezing (weapon)
Missiles
 k - 15 boomerangs
 l - 3 silver javelins
Armour
 j - +0 acid dragon scales
 n - a +2 hat (worn)
 q - a +2 pair of gloves (worn)
 s - the +2 shield of Resistance (worn) {rF++ rC++ Will++}
   (You acquired it in a sewer)

   rF:        It greatly protects you from fire.
   rC:        It greatly protects you from cold.
   Will:      It greatly increases your willpower.
 t - a +0 plate armour (worn)
 u - a +2 pair of boots (worn)
 z - a +1 cloak of poison resistance (worn)
Jewellery
 b - a ring of ice
 g - a ring of protection from fire (left hand)
 p - an amulet of reflection (around neck)
 r - a +5 ring of evasion (right hand)
Scrolls
 a - 5 scrolls of identify
 y - 4 scrolls of teleportation
Potions
 c - 2 potions of mutation
 d - 2 potions of might
 e - 2 potions of resistance
 f - a potion of attraction
 i - a potion of haste
 m - 3 potions of curing
 o - a potion of cancellation
 v - a potion of magic
 w - a potion of lignification

Dungeon Overview and Level Annotations

Branches:
Dungeon (10/15)            Temple (1/1) D:6            Lair (1/5) D:9
    Orc (0/2) D:10          Sewer (visited)         Ossuary (visited)
Gauntlet (1/1)

Altars:
Ashenzari
Cheibriados
Dithmenos
Elyvilon
Fedhas
Gozag
Hepliaklqana
Kikubaaqudgha
Makhleb
Nemelex Xobeh
Okawaru
Qazlal
Ru
Sif Muna
Trog
Uskayaw
Vehumet
Wu Jian
Xom
Yredelemnul
Zin
The Shining One

Shops:
D:5 *

Annotations:
D:1 2 transporters Gauntlet 9 transporters


Message History

You hit the minotaur but do no damage.
The minotaur is lightly wounded.
You block the minotaur's attack. x2
You hit the minotaur but do no damage.
The minotaur is lightly wounded.
The minotaur hits you but does no damage.
You block the minotaur's attack.
You slash the minotaur! You freeze the minotaur.
The minotaur is moderately wounded.
You block the minotaur's attack. x2
You hit the minotaur but do no damage.
The minotaur is lightly wounded.
The minotaur hits you but does no damage.
You block the minotaur's attack.
You slash the minotaur! You freeze the minotaur.
The minotaur is heavily wounded.
The minotaur hits you but does no damage.
The minotaur gores you but does no damage.
You hit the minotaur but do no damage.
The minotaur is heavily wounded.
The minotaur hits you with a +0 hand axe!
You block the minotaur's attack.
You slash the minotaur! You freeze the minotaur.
The minotaur is heavily wounded.
The minotaur drinks a potion.
The minotaur is healed!
You hit the minotaur but do no damage.
The minotaur is heavily wounded.
The minotaur hits you with a +0 hand axe!
The minotaur gores you but does no damage.
You barely miss the minotaur.
The minotaur furiously retaliates!
The minotaur headbutts you!
The minotaur is heavily wounded.
You block the minotaur's attack. x2
You hit the minotaur but do no damage.
The minotaur is moderately wounded.
The minotaur hits you with a +0 hand axe.
You block the minotaur's attack.
You barely miss the minotaur.
The minotaur furiously retaliates!
The minotaur headbutts you.
You die...

##+### #.}..# #...}+
+}... ..\ #H#
#######@#######
#.............#
#.###.###.###.#
............#
#.###.###.###
#####.###.###.#####
##~...............~##
#~~..8^8^8^8^8^8..~~#
#~...............~##


You could see a minotaur.

Vanquished Creatures
  2 two-headed ogres (D:10)
  An eye of devastation (Gauntlet)
  Maggie (D:9)
  A kobold demonologist (D:10)
  An ice devil (Gauntlet)
  A queen bee (D:9)
  A troll (D:6)
  A hornet (D:8)
  3 blink frogs (Lair:1)
  2 wyverns
  A basilisk (Lair:1)
  A wraith (Ossuary)
  15 yaks
  3 steam dragons
  2 wargs (D:9)
  An acid dragon (D:8)
  A floating eye (Gauntlet)
  2 water moccasins (D:8)
  A sky beast (D:7)
  3 orc warriors
  2 phantoms
  2 centaurs
  4 kobold brigands
  4 bullfrogs
  2 scorpions (D:5)
  9 wights
  2 elf skeletons (D:8)
  27 killer bees
  A howler monkey (D:8)
  2 jellies
  A gnoll bouda (D:5)
  3 hounds
  7 orc priests
  5 iguanas
  3 human skeletons (D:8)
  7 orc wizards
  A mummy (Ossuary)
  5 gnolls (D:5)
  14 adders
  2 river rats (Sewer)
  3 white imps
  An ufetubus (D:4)
  2 worms
  A dart slug (D:1)
  36 orcs
  16 ball pythons
  5 bats
  5 endoplasms
  6 giant cockroaches
  12 goblins
  10 hobgoblins
  2 jackals (D:2)
  17 kobolds
  5 quokkas
  4 frilled lizards
  8 gnoll skeletons (Ossuary)
  5 kobold skeletons (Ossuary)
  13 orc skeletons
  23 rats
321 creatures vanquished.

Notes
Turn   | Place    | Note
-------+----------+-------------------------------------------
     0 | D:1      | qw the Gargoyle Fighter began the quest for the Orb.
     0 | D:1      | Reached XP level 1. HP: 14/14 MP: 1/1
     0 | D:1      | 0 ||| qw: Version: 0.2-a-29-gd901d54
     0 | D:1      | 0 ||| qw: Game counter: 3955
     0 | D:1      | 0 ||| qw: Always use a shield: true
     0 | D:1      | 0 ||| qw: God list: Okawaru
     0 | D:1      | 0 ||| qw: Allow faded altars: false
     0 | D:1      | 0 ||| qw: Do Orc after D:15 true
     0 | D:1      | 0 ||| qw: Do second Lair branch before Depths: true
     0 | D:1      | 0 ||| qw: Lair rune preference: random
     0 | D:1      | 0 ||| qw: Plans: Normal, Zot:1-4, Slime:5, God:TSO, Crypt,
                  | Tomb, Abyss, Pan, Hells, Win
     0 | D:1      | 0 ||| PLANNING D:1-11
    33 | D:1      | Reached skill level 2 in Axes
    63 | D:1      | Reached XP level 2. HP: 14/19 MP: 2/2
    91 | D:1      | Noticed a golden eye
   105 | D:1      | Noticed a shining eye
   106 | D:1      | Found a faded altar of an unknown god.
   114 | D:1      | 114 ||| Stepping ~*~*~tactically~*~*~ (hiding).
   227 | D:1      | Noticed a golden eye
   231 | D:1      | Noticed a great orb of eyes
   307 | D:1      | 307 ||| Stepping ~*~*~tactically~*~*~ (stealth).
   361 | D:1      | 361 ||| Stepping ~*~*~tactically~*~*~ (stealth).
   370 | D:1      | Reached skill level 3 in Axes
   401 | D:1      | Reached XP level 3. HP: 23/23 MP: 3/3
   522 | D:1      | 522 ||| Stepping ~*~*~tactically~*~*~ (stealth).
   841 | D:1      | 841 ||| UPGRADING to amulet of reflection.
   846 | D:1      | 846 ||| READING 2 scrolls labelled IZEBBY IT WILI.
   847 | D:1      | 847 ||| READING scroll labelled XUNTEP CAN OKKUA.
   848 | D:1      | 848 ||| DRINKING 2 bubbling white potions.
  1005 | D:2      | Reached skill level 1 in Throwing
  1088 | D:2      | Reached XP level 4. HP: 28/28 MP: 4/4
  1176 | D:2      | 1176 ||| DROPPING +0 club.
  1428 | D:2      | Reached skill level 4 in Axes
  1623 | D:2      | 1623 ||| UPGRADING to ring of protection from fire.
  1624 | D:2      | 1624 ||| READING scroll labelled VAMPOSHU EGHA.
  1625 | D:2      | 1625 ||| READING scroll labelled SIUKKA WAYNNU.
  1703 | D:3      | 1703 ||| Stepping ~*~*~tactically~*~*~ (stealth).
  1704 | D:3      | 1704 ||| Stepping ~*~*~tactically~*~*~ (stealth).
  1710 | D:3      | 1710 ||| Stepping ~*~*~tactically~*~*~ (stealth).
  1716 | D:3      | 1716 ||| Stepping ~*~*~tactically~*~*~ (stealth).
  1766 | D:3      | Reached XP level 5. HP: 32/32 MP: 5/5
  1904 | D:3      | 1904 ||| FLEEEEING.
  1909 | D:3      | 1909 ||| FLEEEEING.
  1910 | D:3      | 1910 ||| FLEEEEING.
  1911 | D:3      | 1911 ||| FLEEEEING.
  1915 | D:3      | 1915 ||| FLEEEEING.
  1916 | D:3      | 1916 ||| FLEEEEING.
  1917 | D:3      | 1917 ||| FLEEEEING.
  1918 | D:3      | 1918 ||| FLEEEEING.
  1919 | D:3      | 1919 ||| FLEEEEING.
  1920 | D:3      | 1920 ||| FLEEEEING.
  1921 | D:3      | 1921 ||| FLEEEEING.
  1922 | D:3      | 1922 ||| FLEEEEING.
  1923 | D:3      | 1923 ||| FLEEEEING.
  1929 | D:3      | HP: 7/32 [orc priest/divine providence (9)]
  2464 | D:3      | 2464 ||| UPGRADING to +2 ring mail of fire resistance.
  2474 | D:3      | 2474 ||| DROPPING +0 scale mail.
  2475 | D:3      | 2475 ||| UPGRADING to +0 pair of gloves.
  2480 | D:3      | 2480 ||| UPGRADING to +0 pair of boots.
  2485 | D:3      | 2485 ||| DROPPING amulet of magic regeneration.
  2486 | D:3      | 2486 ||| UPGRADING to +5 ring of evasion.
  2487 | D:3      | 2487 ||| READING scroll labelled BYQU PUH OMP.
  2488 | D:3      | 2488 ||| READING scroll labelled YLIDAPPUIT.
  2521 | D:4      | 2521 ||| PLANNING SEWER
  2596 | D:4      | Found a hide-covered altar of Uskayaw.
  2649 | D:4      | Found a stormy altar of Qazlal.
  2731 | D:4      | Reached skill level 5 in Axes
  2815 | D:4      | 2815 ||| Stepping ~*~*~tactically~*~*~ (stealth).
  2824 | D:4      | Found a glowing drain.
  2834 | D:4      | 2834 ||| UPGRADING to +0 chain mail.
  2844 | D:4      | 2844 ||| READING scroll labelled RABBAI MAFOK.
  2845 | D:4      | 2845 ||| DRINKING 2 metallic sapphire potions.
  2846 | D:4      | 2846 ||| READING 2 scrolls of identify.
  2846 | D:4      | 2846 ||| IDENTIFYING puce potion
  2867 | Sewer    | Entered a sewer
  2898 | Sewer    | Reached XP level 6. HP: 37/37 MP: 6/6
  2968 | Sewer    | 2968 ||| Stepping ~*~*~tactically~*~*~ (water).
  2987 | Sewer    | 2987 ||| READING scroll of enchant armour.
  2987 | Sewer    | 2987 ||| ENCHANTING +0 pair of gloves.
  3142 | Sewer    | Reached skill level 6 in Axes
  3142 | Sewer    | Reached XP level 7. HP: 24/43 MP: 7/7
  3234 | Sewer    | 3234 ||| READING scroll labelled ZUQEAG HAXKI.
  3234 | Sewer    | Identified a scroll of acquirement
  3234 | Sewer    | 3234 ||| ACQUIRING +2 shield of Resistance {rF++ rC++
                  | Will++}
  3234 | Sewer    | Acquired the +2 shield of Resistance {rF++ rC++ Will++}
  3234 | Sewer    | Found the +2 shield of Resistance {rF++ rC++ Will++}
  3236 | Sewer    | 3236 ||| UPGRADING to +2 shield of Resistance {rF++ rC++
                  | Will++}.
  3246 | Sewer    | 3246 ||| DROPPING +0 buckler.
  3247 | Sewer    | 3247 ||| READING scroll labelled JOMAUKHUOS.
  3248 | Sewer    | 3248 ||| READING scroll labelled YGOMMU OK FISE.
  3249 | Sewer    | 3249 ||| READING scroll labelled DEGAZAPTEIBE.
  3250 | Sewer    | 3250 ||| DRINKING 2 lumpy puce potions.
  3251 | Sewer    | 3251 ||| DRINKING 3 golden potions.
  3252 | Sewer    | 3252 ||| READING 3 scrolls of identify.
  3252 | Sewer    | 3252 ||| IDENTIFYING white potion
  3253 | Sewer    | 3253 ||| READING 2 scrolls of identify.
  3253 | Sewer    | 3253 ||| IDENTIFYING yellow potion
  3254 | Sewer    | 3254 ||| DROPPING 2 potions of invisibility.
  3255 | Sewer    | 3255 ||| DROPPING potion of ambrosia.
  3259 | D:4      | 3259 ||| PLANNING D:1-11
  3281 | D:4      | 3281 ||| Stepping ~*~*~tactically~*~*~ (stealth).
  3519 | D:4      | 3519 ||| UPGRADING to +2 hat.
  3524 | D:4      | 3524 ||| DROPPING ring of flight.
  3525 | D:4      | 3525 ||| DRINKING 2 lumpy blue potions.
  3567 | D:5      | Entered Level 5 of the Dungeon
  3676 | D:5      | 3676 ||| READING scroll of enchant armour.
  3676 | D:5      | 3676 ||| ENCHANTING +1 pair of gloves.
  3693 | D:5      | 3693 ||| Stepping ~*~*~tactically~*~*~ (stealth).
  3696 | D:5      | 3696 ||| Stepping ~*~*~tactically~*~*~ (stealth).
  3712 | D:5      | Found Ahugurr's Neck Hole.
  3720 | D:5      | 3720 ||| BUYING +0 cloak (45 gold).
  3720 | D:5      | Bought a +0 cloak for 45 gold pieces
  3720 | D:5      | 3720 ||| SHOPLISTING amulet of faith (400 gold, have 222).
  3737 | D:5      | Found an ancient bone altar of Kikubaaqudgha.
  3920 | D:5      | Noticed a wyvern
  3933 | D:5      | HP: 3/43 [wyvern (9)]
  3934 | D:5      | 3934 ||| READING scroll of teleportation.
  3935 | D:5      | 3935 ||| DRINKING 2 potions of heal wounds.
  3955 | D:5      | 3955 ||| Stepping ~*~*~tactically~*~*~ (stealth).
  3956 | D:5      | 3956 ||| Stepping ~*~*~tactically~*~*~ (stealth).
  3957 | D:5      | 3957 ||| Stepping ~*~*~tactically~*~*~ (stealth).
  3958 | D:5      | 3958 ||| Stepping ~*~*~tactically~*~*~ (stealth).
  3959 | D:5      | 3959 ||| Stepping ~*~*~tactically~*~*~ (stealth).
  3960 | D:5      | 3960 ||| Stepping ~*~*~tactically~*~*~ (stealth).
  4105 | D:5      | 4105 ||| READING scroll of enchant armour.
  4105 | D:5      | 4105 ||| ENCHANTING +0 pair of boots.
  4397 | D:5      | Killed a wyvern
  4398 | D:5      | Reached skill level 6 in Shields
  4398 | D:5      | Reached XP level 8. HP: 31/48 MP: 8/8
  4636 | D:5      | 4636 ||| UPGRADING to +0 cloak.
  4641 | D:5      | 4641 ||| READING scroll labelled FULOAZOAHA.
  4642 | D:5      | 4642 ||| READING 3 scrolls of identify.
  4642 | D:5      | 4642 ||| IDENTIFYING fuming sapphire potion
  4643 | D:5      | 4643 ||| READING 2 scrolls of identify.
  4643 | D:5      | 4643 ||| IDENTIFYING metallic pink potion
  4686 | D:6      | 4686 ||| READING scroll of enchant weapon.
  4686 | D:6      | 4686 ||| ENCHANTING +1 war axe of freezing.
  4745 | D:6      | 4745 ||| Stepping ~*~*~tactically~*~*~ (stealth).
  4797 | D:6      | Noticed a troll
  4806 | D:6      | Killed a troll
  5010 | D:6      | Found a staircase to the Ecumenical Temple.
  5011 | D:6      | 5011 ||| PLANNING TEMPLE
  5026 | D:6      | 5026 ||| DROPPING +2 ring mail of fire resistance.
  5027 | D:6      | 5027 ||| UPGRADING to +0 plate armour.
  5037 | D:6      | 5037 ||| DROPPING +0 chain mail.
  5044 | Temple   | Entered the Ecumenical Temple
  5217 | Temple   | 5217 ||| PLANNING D:1-11
  5368 | D:6      | 5368 ||| DROPPING +0 mace.
  5413 | D:6      | 5413 ||| DROPPING +0 flail.
  5501 | D:6      | Reached skill level 7 in Axes
  5736 | D:6      | Reached XP level 9. HP: 53/54 MP: 9/9
  6027 | D:6      | Found a blossoming altar of Fedhas.
  6090 | D:6      | Found a glowing silver altar of Zin.
  6101 | D:6      | 6101 ||| READING scroll labelled FIDUVV OLYTREO.
  6102 | D:6      | 6102 ||| READING scroll labelled VACE YHEOSEU.
  6103 | D:6      | 6103 ||| READING 2 scrolls of identify.
  6103 | D:6      | 6103 ||| IDENTIFYING glowing green potion
  6104 | D:6      | 6104 ||| DROPPING potion of enlightenment.
  6400 | D:7      | Found a sparkling altar of Nemelex Xobeh.
  6729 | D:7      | Found a burning altar of Makhleb.
  6852 | D:7      | Found a hazy altar of Hepliaklqana.
  7023 | D:7      | 7023 ||| Stepping ~*~*~tactically~*~*~ (hiding).
  7124 | D:7      | 7124 ||| READING scroll labelled MAIDGH NANAOHIFFEU.
  7259 | D:8      | 7259 ||| PLANNING OSSUARY
  7366 | D:8      | Found a sand-covered staircase.
  7374 | D:8      | Reached skill level 8 in Axes
  7392 | Ossuary  | Entered an ossuary
  7575 | Ossuary  | 7575 ||| READING scroll of enchant armour.
  7575 | Ossuary  | 7575 ||| ENCHANTING +1 pair of boots.
  7682 | Ossuary  | 7682 ||| Stepping ~*~*~tactically~*~*~ (stealth).
  7725 | Ossuary  | 7725 ||| READING scroll labelled KUDWOIH ECYCA.
  7726 | Ossuary  | 7726 ||| READING 6 scrolls of identify.
  7726 | Ossuary  | 7726 ||| IDENTIFYING grey potion
  7727 | Ossuary  | 7727 ||| DROPPING potion of brilliance.
  7736 | D:8      | 7736 ||| PLANNING D:1-11
  7792 | D:8      | Identified the +5 orcbow of Earthquakes {drain, rElec}
  7820 | D:8      | Reached skill level 6 in Fighting
  7934 | D:8      | HP: 7/55 [acid dragon/splash of acid (34)]
  7935 | D:8      | 7935 ||| READING 3 scrolls of teleportation.
  7936 | D:8      | 7936 ||| DRINKING potion of heal wounds.
  7939 | D:8      | Reached skill level 6 in Armour
  8192 | D:8      | Noticed a hornet
  8199 | D:8      | Reached XP level 10. HP: 37/60 MP: 10/10
  8454 | D:8      | Reached skill level 9 in Axes
  8593 | D:8      | 8593 ||| Stepping ~*~*~tactically~*~*~ (water).
  8746 | D:8      | 8746 ||| READING 5 scrolls of identify.
  8746 | D:8      | 8746 ||| IDENTIFYING metallic brown potion
  8747 | D:8      | 8747 ||| READING 4 scrolls of identify.
  8747 | D:8      | 8747 ||| IDENTIFYING smoky inky potion
  8748 | D:8      | 8748 ||| DRINKING potion of experience.
  8748 | D:8      | Reached skill level 9 in Throwing
  8748 | D:8      | Reached XP level 11. HP: 64/64 MP: 11/11
  8749 | D:8      | 8749 ||| DROPPING potion of degeneration.
  8825 | D:9      | 8825 ||| Stepping ~*~*~tactically~*~*~ (hiding).
  8827 | D:9      | 8827 ||| Stepping ~*~*~tactically~*~*~ (hiding).
  8828 | D:9      | 8828 ||| Stepping ~*~*~tactically~*~*~ (hiding).
  8829 | D:9      | 8829 ||| Stepping ~*~*~tactically~*~*~ (hiding).
  8919 | D:9      | 8919 ||| Stepping ~*~*~tactically~*~*~ (hiding).
  8921 | D:9      | 8921 ||| Stepping ~*~*~tactically~*~*~ (hiding).
  8983 | D:9      | Found a staircase to the Lair.
  9032 | D:9      | 9032 ||| Stepping ~*~*~tactically~*~*~ (hiding).
  9034 | D:9      | 9034 ||| Stepping ~*~*~tactically~*~*~ (hiding).
  9061 | D:9      | 9061 ||| Stepping ~*~*~tactically~*~*~ (hiding).
  9332 | D:9      | Reached skill level 9 in Shields
  9480 | D:9      | 9480 ||| Stepping ~*~*~tactically~*~*~ (stealth).
  9482 | D:9      | 9482 ||| Stepping ~*~*~tactically~*~*~ (hiding).
  9575 | D:9      | 9575 ||| Stepping ~*~*~tactically~*~*~ (stealth).
  9620 | D:9      | Found a shimmering altar of Xom.
  9625 | D:9      | 9625 ||| Stepping ~*~*~tactically~*~*~ (stealth).
  9627 | D:9      | 9627 ||| Stepping ~*~*~tactically~*~*~ (stealth).
  9718 | D:9      | Noticed Maggie
  9734 | D:9      | Killed Maggie
  9735 | D:9      | Reached skill level 10 in Axes
 10146 | D:10     | Entered Level 10 of the Dungeon
 10194 | D:10     | Found an iron altar of Okawaru.
 10195 | D:10     | 10195 ||| PLANNING OKAWARU WORSHIP
 10198 | D:10     | Noticed a two-headed ogre
 10199 | D:10     | 10199 ||| FLEEEEING.
 10201 | D:10     | 10201 ||| Stepping ~*~*~tactically~*~*~ (hiding).
 10202 | D:10     | 10202 ||| Stepping ~*~*~tactically~*~*~ (hiding).
 10216 | D:10     | Killed a two-headed ogre
 10229 | D:10     | Noticed a two-headed ogre
 10235 | D:10     | HP: 15/68 [two-headed ogre/+0 giant club (17)]
 10236 | D:10     | 10236 ||| READING 4 scrolls of teleportation.
 10239 | D:10     | Found a shimmering blue altar of Sif Muna.
 10490 | D:10     | Identified the +2 glaive of Wulaicea {drain, Fly Dex+2}
 10499 | D:10     | 10499 ||| Stepping ~*~*~tactically~*~*~ (hiding).
 10503 | D:10     | 10503 ||| Stepping ~*~*~tactically~*~*~ (hiding).
 10509 | D:10     | 10509 ||| Stepping ~*~*~tactically~*~*~ (stealth).
 10518 | D:10     | 10518 ||| Stepping ~*~*~tactically~*~*~ (stealth).
 10535 | D:10     | Killed a two-headed ogre
 10536 | D:10     | Reached XP level 12. HP: 34/73 MP: 12/12
 10693 | D:10     | Found a staircase to the Orcish Mines.
 10717 | D:10     | Became a worshipper of Warmaster Okawaru
 10717 | D:10     | 10717 ||| PLANNING D:1-11
 10818 | D:10     | 10818 ||| FLEEEEING.
 10819 | D:10     | 10819 ||| FLEEEEING.
 10820 | D:10     | 10820 ||| FLEEEEING.
 10821 | D:10     | 10821 ||| FLEEEEING.
 10822 | D:10     | 10822 ||| FLEEEEING.
 10826 | D:10     | 10826 ||| FLEEEEING.
 10828 | D:10     | 10828 ||| FLEEEEING.
 11005 | D:10     | 11005 ||| PLANNING LAIR
 11005 | D:10     | 11005 ||| READING 6 scrolls of identify.
 11005 | D:10     | 11005 ||| IDENTIFYING black potion
 11059 | Lair:1   | Entered Level 1 of the Lair of Beasts
 11060 | Lair:1   | 11060 ||| PLANNING GAUNTLET
 11079 | Lair:1   | 11079 ||| Stepping ~*~*~tactically~*~*~ (stealth).
 11080 | Lair:1   | 11080 ||| Stepping ~*~*~tactically~*~*~ (stealth).
 11081 | Lair:1   | 11081 ||| Stepping ~*~*~tactically~*~*~ (stealth).
 11129 | Lair:1   | Found a gate leading to a gauntlet.
 11138 | Gauntlet | Entered a Gauntlet
 11138 | Gauntlet | Found a transporter.
 11148 | Gauntlet | Found a transporter.
 11151 | Gauntlet | Found a transporter.
 11152 | Gauntlet | Found a transporter.
 11163 | Gauntlet | Found a transporter.
 11163 | Gauntlet | Found a transporter.
 11164 | Gauntlet | Found a transporter.
 11173 | Gauntlet | Found a transporter.
 11176 | Gauntlet | Found a transporter.
 11177 | Gauntlet | Found a transporter.
 11180 | Gauntlet | Noticed a cacodemon
 11189 | Gauntlet | Found a transporter.
 11189 | Gauntlet | Found a transporter.
 11190 | Gauntlet | Found a transporter.
 11198 | Gauntlet | Found a transporter.
 11283 | Gauntlet | Paralysed by a floating eye for 3 turns
 11290 | Gauntlet | Reached skill level 11 in Axes
 11296 | Gauntlet | 11296 ||| UPGRADING to +1 cloak of poison resistance.
 11306 | Gauntlet | 11306 ||| DROPPING +0 cloak.
 11357 | Gauntlet | Noticed a minotaur
 11376 | Gauntlet | HP: 15/73 [minotaur/+0 hand axe (9)]
 11377 | Gauntlet | HP: 4/73 [minotaur's headbutt (11)]
 11378 | Gauntlet | HP: 1/73 [minotaur/+0 hand axe (3)]
 11379 | Gauntlet | Headbutted by a minotaur

Levels and vault maps discovered:
D:1:      spicycebolla_arrival_transporter_tutorial, layout_basic,
          hellmonk_ecumenical_altar_watching_god, minmay_octomino_c4
D:2:      layout_basic, st_stairs_2
D:3:      layout_loops_ring
D:4:      layout_loops_ring, mainiacjoe_overflow_small_starburst,
          lemuel_doored_altar, portal_sewer_entry_f
D:5:      layout_basic, kiku_gazebo_garden_becter,
          nicolae_shop_sticking_my_neck_out
D:6:      layout_basic, overflow_temple_1_default,
          lemuel_coloured_pillars_altar, minmay_temple_entry_slanted,
          lightli_orcish_oven
D:7:      layout_loops_corners, nemelex_diamond_rough_becter,
          makhleb_heckhound_becter, worldfamousw_hep_ancestral_shrine
D:8:      layout_loops_corners, nicolae_ossuary_entry_catacombs, enter_bailey_4
D:9:      layout_roguey [special_room_bee], lemuel_tele_altar,
          erik_lair_orcish_takeover, uniq_maggie
D:10:     layout_basic, lemuel_round_altar, mainiacjoe_overflow_alcove_1,
          david_orc_2, kennysheep_windowed_goal
Temple:   nicolae_temple_bog_church
Lair:1:   minmay_lair_oklob_chamber, layout_loops_ring, gauntlet_entry_generic,
          lemuel_fruit_tree, serial_bayou_shore_a, uniq_grum
Gauntlet: gammafunk_gauntlet_77_escape_option
          [minmay_gauntlet_arena_77_squiggly,
          minmay_gauntlet_arena_77_chump_sandwich,
          minmay_gauntlet_arena_77_tiled_triplets, minmay_gauntlet_arena_77_box,
          minmay_gauntlet_arena_77_braids, gauntlet_exit_hidden_loot]

Skill      XL: |  1  2  3  4  5  6  7  8  9 10 11 12 |
---------------+-------------------------------------+-----
Axes           | 2 3 4 5 6 7 8 9 10 11 | 11.0
Throwing       | 1 2 9 |  9.7
Fighting       | 4 5 6 8 |  8.0
Shields        | 6 8 9 |  9.1
Dodging        | 2 |  2.7
Armour         | 4 6 7 |  7.5

Action                     |  1- 3 |  4- 6 |  7- 9 | 10-12 || total
---------------------------+-------+-------+-------+-------++-------
  Melee: War axe           |   100 |   247 |   323 |   439 ||  1109
    Use: Scroll            |     2 |     7 |    21 |     4 ||    34
         Potion            |     1 |     1 |     5 |     1 ||     8
   Stab: Invisible         |       |       |     2 |       ||     2
 Armour: Scale mail        |    50 |    46 |       |       ||    96
         Ring mail         |       |     8 |       |       ||     8
         Chain mail        |       |    87 |    44 |       ||   131
         Plate armour      |       |       |    67 |   155 ||   222
  Dodge: Dodged            |    42 |   147 |    89 |   144 ||   422
  Block: Buckler           |    25 |   167 |       |       ||   192
         Kite shield       |       |       |   254 |   417 ||   671
         Reflection        |       |       |     9 |     7 ||    16

Table legend:
 A = Non-vault XP
 B = Vault XP
 C = Vault XP percentage of total XP
 D = Non-vault monster count
 E = Vault monster count
 F = Vault count percentage of total count
                 A         B        C        D         E       F
            +---------+---------+-------+---------+---------+-------
      Total |   11272 |    4985 |  30.7 |     179 |     142 |  44.2
            +---------+---------+-------+---------+---------+-------
        D:1 |      36 |      10 |  21.7 |      19 |       6 |  24.0
        D:2 |      99 |      15 |  13.2 |      24 |       2 |   7.7
        D:3 |      91 |       0 |   0.0 |      14 |       0 |   0.0
        D:4 |      58 |      10 |  14.7 |       6 |       5 |  45.5
        D:5 |     760 |       0 |   0.0 |      19 |       0 |   0.0
        D:6 |    1099 |      15 |   1.3 |      17 |       5 |  22.7
        D:7 |     562 |      43 |   7.1 |       9 |       1 |  10.0
        D:8 |    1640 |     272 |  14.2 |      20 |      11 |  35.5
        D:9 |    2696 |    2676 |  49.8 |      25 |      33 |  56.9
       D:10 |    3274 |     494 |  13.1 |      22 |       8 |  26.7
     Lair:1 |     957 |       0 |   0.0 |       4 |       0 |   0.0
      Sewer |       0 |     326 | 100.0 |       0 |      39 | 100.0
    Ossuary |       0 |     245 | 100.0 |       0 |      27 | 100.0
   Gauntlet |       0 |     879 | 100.0 |       0 |       5 | 100.0
            +---------+---------+-------+---------+---------+-------
